 Dungeon Crawl Stone Soup version 0.30-a0-760-g5a9884bb7c (webtiles) character file.

Game seed: 9605770533908368778

1748 cheesebisquit the Digger (level 9, -1/54 HPs)
             Began as a Gargoyle Earth Elementalist on Feb 10, 2023.
             Was a Follower of Vehumet.
             Killed by divine providence
             ... invoked by an orc priest
              (10 damage)
             ... on level 7 of the Dungeon.
             The game lasted 00:21:31 (8037 turns).

cheesebisquit the Digger (GrEE)                     Turns: 8037, Time: 00:21:32

Health: -1/54      AC: 16    Str: 12    XL:     9   Next: 6%
Magic:  11/17      EV: 11    Int: 20    God:    Vehumet [*.....]
Gold:   477        SH:  4    Dex: 10    Spells: 14/18 levels left

rFire   . . .      SeeInvis .    G - +0 mace (protect)
rCold   . . .      Faith    .    v - +0 buckler
rNeg    + . .      Spirit   .    J - +0 steam dragon scales
rPois   ∞          Reflect  .    (no helmet)
rElec   +          Harm     .    l - +0 cloak
rCorr   .          Rampage  .    (no gloves)
Will    .....                    (no boots)
Stlth   ++                       (no amulet)
HPRegen 0.29/turn                t - ring of wizardry
MPRegen 0.15/turn                A - +4 ring of protection

@: no status effects
A: sickness immunity, AC +6, negative energy resistance 1, electricity
resistance, torment resistance 1, petrification resistance
a: Renounce Religion


You were on level 7 of the Dungeon.
You worshipped Vehumet.
Vehumet was aware of your devotion.
You visited 2 branches of the dungeon, and saw 8 of its levels.

You collected 477 gold pieces.

Inventory:

Hand Weapons
 G - a +0 mace of protection (weapon)
Missiles
 a - 6 poisoned darts
 q - a throwing net
Armour
 l - a +0 cloak (worn)
 v - a +0 buckler (worn)
 J - +0 steam dragon scales (worn)
Magical Staves
 o - a staff of death
Jewellery
 t - a ring of wizardry (left hand)
 A - a +4 ring of protection (right hand)
Wands
 u - a wand of iceblast (27)
 I - a wand of polymorph (3)
Scrolls
 b - 2 scrolls of noise {unknown}
 d - a scroll of fog
 f - 2 scrolls of teleportation
 i - 2 scrolls of vulnerability {unknown}
 m - a scroll of butterflies
 n - a scroll of enchant armour {unknown}
 p - 2 scrolls of blinking {unknown}
 w - a scroll of enchant weapon {unknown}
 x - a scroll of torment {unknown}
 y - a scroll of amnesia {unknown}
 z - a scroll of fear {unknown}
 E - a scroll of poison {unknown}
 F - a scroll of identify
Potions
 c - 3 potions of brilliance
 e - 3 potions of resistance
 g - 2 potions of attraction
 h - a potion of degeneration {unknown}
 j - 3 potions of mutation
 k - 3 potions of heal wounds
 r - 5 potions of curing
 s - 2 potions of haste
 B - a potion of lignification {unknown}
 C - a potion of cancellation {unknown}
 D - a potion of magic
 H - 2 potions of invisibility {unknown}


   Skills:
 + Level 5.4 Fighting
 - Level 1.5 Dodging
 - Level 2.1 Stealth
 - Level 4.0 Shields
 + Level 5.3 Spellcasting
 + Level 5.1 Conjurations
 - Level 0.7 Transmutations
 + Level 7.7 Earth Magic


You had 14 spell levels left.
You knew the following spells:

 Your Spells              Type           Power      Damage    Failure   Level
a - Sandblast             Erth           72%        2d16      1%          1
b - Stone Arrow           Conj/Erth      62%        3d10      1%          3

Your spell library contained the following spells:

 Spells                   Type           Power      Damage    Failure   Level
 Shock                    Conj/Air       60%        1d6       1%          1
 Foxfire                  Conj/Fire      60%        2x1d7     1%          1
 Magic Dart               Conj           100%       1d8       1%          1
 Passwall                 Tmut/Erth      18%        N/A       1%          2
 Beastly Appendage        Tmut           16%        N/A       4%          1
 Sting                    Tmut/Pois      24%        1d4       4%          1
 Slow                     Hex            20%        N/A       6%          1
 Summon Small Mammal      Summ           20%        N/A       6%          1
 Lesser Beckoning         Tloc           10%        N/A       9%          2
 Poisonous Vapours        Pois/Air       10%        N/A       9%          2
 Petrify                  Tmut/Erth      22%        N/A       11%         4
 Call Canine Familiar     Summ           5%         N/A       16%         3
 Confusing Touch          Hex            5%         N/A       16%         3
 Gell's Gravitas          Tloc           5%         N/A       16%         3
 Summon Guardian Golem    Hex/Summ       5%         N/A       16%         3
 Teleport Other           Tloc           5%         N/A       16%         3
 Vampiric Draining        Necr           5%         2d6       16%         3
 Olgreb's Toxic Radiance  Pois           5%         N/A       45%         4
 Fireball                 Conj/Fire      7%         3d5       45%         5
 Starburst                Conj/Fire      7%         6d4       95%         6


Dungeon Overview and Level Annotations

Branches:
Dungeon (7/15)             Temple (1/1) D:4

Altars:
Ashenzari
Cheibriados
Elyvilon
Fedhas
Gozag
Hepliaklqana
Makhleb
Nemelex Xobeh
Qazlal
Ru
Sif Muna
Uskayaw
Vehumet
Wu Jian
Xom
Yredelemnul
Zin


Innate Abilities, Weirdness & Mutations

You are immune to sickness and miasma.
Your stone body is resilient. (AC +6)
You are immune to poison.
You resist negative energy. (rN+)
You are resistant to electric shocks. (rElec)
You are resistant to unholy torment.
You are immune to petrification.


Message History

The orc shouts! x2; You hear a shout! x2
An orc priest comes into view.
It is wielding a +1 flail of protection.
The blast of sand hits the orc!!
You kill the orc!
Vehumet accepts your kill.
The orc priest mumbles some strange prayers to Beogh against you.
Beogh smites you!
An orc warrior comes into view. It is wielding a +0 scimitar.
An orc comes into view. It is wielding a +0 club.
The orc priest mumbles some strange prayers to Beogh against you.
Beogh smites you!
The orc priest mumbles some strange prayers to Beogh against you.
Pain shoots through your body!
The blast of sand hits the orc!
You kill the orc!
Vehumet accepts your kill.
The blast of sand hits the orc but does no damage.
The orc barely misses you.
The blast of sand hits the orc.
The orc is lightly wounded.
The orc hits you with a +0 flail.
The blast of sand hits the orc.
The orc is heavily wounded.
The orc hits you with a +0 flail.
The blast of sand hits the orc warrior!
The orc warrior is moderately wounded.
The orc warrior hits you with a +0 scimitar!
You are too injured to fight recklessly!
Aiming: Sandblast (safe; 1% risk of failure)
Press: ? - help, Q - select action, (/) - cycle Shift-Dir - straight line, f/p - orc warrior
Aim: an orc warrior, wielding a +0 scimitar and wearing a +0 chain mail (moderately wounded, 82% to hit)
The blast of sand hits the orc warrior!
The orc warrior is severely wounded.
The orc priest calls down the wrath of Beogh upon you.
Beogh smites you!
* * * LOW HITPOINT WARNING * * *
You block the orc warrior's attack.
The orc priest invokes the aid of Beogh against you.
Beogh smites you!
You die...

### ###.# #. ###
####.o ..##.# #
# #.##.#.##.##
#.##.#..)..# #
###.##o...#..#
.#
#.#...@oo......#
.#
#.#.#.##.......(
.#
#.....####.#####
.# ###.### .# .#
#.# # .#
#########.#
.####.........##
....#.######...#
.##.#.# #......#


You could see an orc warrior, an orc priest and an orc.

Vanquished Creatures
  Maggie (D:7)
  A black bear (D:5)
  An orc warrior (D:4)
  3 ogres
  2 necrophages
  A bullfrog (D:7)
  A scorpion (D:7)
  A howler monkey (D:7)
  3 hounds
  3 jellies
  2 orc priests
  Ijyb (D:5)
  5 orc wizards
  4 iguanas
  7 gnolls (D:2)
  7 adders
  A white imp (D:7)
  2 worms
  2 dart slugs
  14 orcs
  8 ball pythons
  8 endoplasms
  A giant cockroach (D:1)
  5 goblins
  11 hobgoblins
  11 jackals
  5 kobolds
  3 quokkas
  4 bats
  5 frilled lizards
  6 rats
129 creatures vanquished.

Vanquished Creatures (others)
  6 plants (D:1)
6 creatures vanquished.

Grand Total: 135 creatures vanquished

Notes
Turn   | Place    | Note
-------+----------+-------------------------------------------
     0 | D:1      | cheesebisquit the Gargoyle Earth Elementalist began the
                  | quest for the Orb.
     0 | D:1      | Reached XP level 1. HP: 10/10 MP: 3/3
   122 | D:1      | Reached skill level 4 in Earth Magic
   163 | D:1      | Reached XP level 2. HP: 15/15 MP: 3/5
   592 | D:1      | Reached XP level 3. HP: 16/20 MP: 0/6
  1155 | D:2      | Reached skill level 1 in Fighting
  1285 | D:2      | Found a broken altar of Ashenzari.
  1438 | D:2      | Reached XP level 4. HP: 17/25 MP: 2/7
  1439 | D:2      | Reached skill level 5 in Earth Magic
  1516 | D:2      | Learned a level 3 spell: Stone Arrow
  1902 | D:2      | Reached skill level 1 in Conjurations
  1902 | D:2      | Reached XP level 5. HP: 30/30 MP: 4/9
  2701 | D:3      | Found a stormy altar of Qazlal.
  3084 | D:3      | Found a faded altar of an unknown god.
  3319 | D:3      | Found a shimmering altar of Xom.
  3320 | D:3      | Found a hazy altar of Hepliaklqana.
  3321 | D:3      | Noticed a spectral ugly thing
  3495 | D:4      | Found a sacrificial altar of Ru.
  3719 | D:4      | Reached XP level 6. HP: 36/36 MP: 7/10
  3766 | D:4      | Noticed an orc warrior
  4020 | D:4      | Reached skill level 1 in Shields
  4047 | D:4      | Found a staircase to the Ecumenical Temple.
  4057 | Temple   | Entered the Ecumenical Temple
  4133 | Temple   | Became a worshipper of Vehumet
  4320 | D:4      | Killed an orc warrior
  4651 | D:4      | Found a staircase to the Ecumenical Temple.
  4949 | D:4      | Found a sacrificial altar of Ru.
  5059 | D:5      | Entered Level 5 of the Dungeon
  5063 | D:5      | Reached skill level 6 in Earth Magic
  5063 | D:5      | Reached XP level 7. HP: 23/41 MP: 8/12
  5505 | D:5      | Noticed Ijyb
  5511 | D:5      | Killed Ijyb
  5652 | D:5      | Identified the +4 dagger "Kuser" {heavy, rElec rC+++ Dex-5}
  5987 | D:5      | Got Even Learners Can Use Witchery!
  6187 | D:6      | Reached XP level 8. HP: 48/48 MP: 11/14
  6862 | D:6      | Reached skill level 7 in Earth Magic
  7316 | D:6      | Found an opulent altar of Gozag.
  7320 | D:6      | Found a blossoming altar of Fedhas.
  7384 | D:6      | Found a broken altar of Ashenzari.
  7618 | D:7      | Noticed Maggie
  7632 | D:7      | Killed Maggie
  7633 | D:7      | Reached skill level 5 in Fighting
  7633 | D:7      | Reached skill level 5 in Spellcasting
  7794 | D:7      | Reached XP level 9. HP: 54/54 MP: 14/16
  7815 | D:7      | Reached * piety under Vehumet
  7815 | D:7      | Offered knowledge of Shock by Vehumet.
  7816 | D:7      | Reached skill level 5 in Conjurations
  8037 | D:7      | Killed from afar by an orc priest

Illustrated notes

Levels and vault maps discovered:
D:1:      roderic_crop_circles_arrival_small, layout_basic
D:2:      minmay_skewed_foursquare, layout_basic, basic_altar
D:3:      layout_loops_corners, regret_index_temple_of_mockery,
          grunt_qazlal_sundering, chequers_ecumenical_altar_island
D:4:      layout_gridville, mainiacjoe_overflow_six_doors_small,
          temple_fountains
D:5:      layout_basic, serial_glass, glass_columns_a, glass_columns_a,
          glass_columns_b, glass_columns_a, feat_on_display,
          grunt_decor_resistance, roderic_lattice_a, uniq_ijyb
D:6:      layout_loops_corners, kennysheep_mini_moat, minitemple, dk_vineyard_2,
          minmay_misc_feat_rows, corexii_item_surrounded_by_moat
D:7:      layout_loops_corners, minmay_liquid_box, uniq_maggie
Temple:   eino_temple_lava

Skill      XL: |  1  2  3  4  5  6  7  8  9 |
---------------+----------------------------+-----
Earth Magic    | 4 5 6 7 |  7.7
Fighting       | 1 2 3 4 5 |  5.4
Conjurations   | 1 2 3 4 5 |  5.1
Spellcasting   | 3 4 5 |  5.3
Shields        | 1 2 4 |  4.0
Dodging        | |  1.5
Stealth        | |  2.1
Transmutations | |  0.7

Action                     |  1- 3 |  4- 6 |  7- 9 || total
---------------------------+-------+-------+-------++-------
  Melee: Unarmed           |     8 |       |     9 ||    17
         Club              |       |     3 |       ||     3
         Flail             |       |       |     1 ||     1
   Cast: Sandblast         |    53 |    91 |    90 ||   234
    Use: Potion            |       |     1 |       ||     1
         Scroll            |       |       |     9 ||     9
 Armour: Robe              |    10 |       |       ||    10
         Leather armour    |       |    16 |     9 ||    25
         Skin              |       |       |     4 ||     4
         Steam dragon scal |       |       |     2 ||     2
  Dodge: Dodged            |    14 |    18 |    16 ||    48
  Block: Buckler           |       |     2 |     4 ||     6

Table legend: (Time is in decaauts)
 A = Elapsed time spent in this place.
 B = Non-inter-level travel time spent in this place.
 C = Inter-level travel time spent in this place.
 D = Time resting spent in this place.
 E = Time spent auto-exploring this place.
 F = Levels seen in this place.
 G = Mean time per level.
                   A        B        C        D        E       F      G
               +--------+--------+--------+--------+--------+-----+--------+
         Total |   8152 |   7831 |    321 |    257 |   6584 |   8 | 1019.0 |
       Dungeon |   8067 |   7753 |    314 |    257 |   6520 |   7 | 1152.4 |
        Temple |     84 |     77 |      7 |      0 |     64 |   1 |   84.0 |
               +--------+--------+--------+--------+--------+-----+--------+

Top non-repeatable levels by time:
     D:2: 1546 daAuts
     D:4: 1479 daAuts
     D:6: 1341 daAuts
     D:1: 1094 daAuts
     D:5: 1089 daAuts
     D:3: 932 daAuts
     D:7: 584 daAuts
  Temple: 84 daAuts
